 Dungeon Crawl Stone Soup version 0.29-a0-1016-g236c7fd91e (webtiles) character file.

Game seed: 17194064595104565933

25 Manisian the Sneak (level 2, 13/13 HPs)
             Began as a Spriggan Enchanter on Aug 9, 2022.
             Quit the game on level 1 of the Dungeon.
             The game lasted 00:02:13 (1274 turns).

Manisian the Sneak (Spriggan Enchanter)             Turns: 1274, Time: 00:02:14

Health: 13/13      AC:  2    Str:  4    XL:     2   Next: 82%
Magic:  6/6        EV: 17    Int: 16    God:
Gold:   79         SH:  0    Dex: 15    Spells: 4/6 levels left

rFire   . . .      SeeInvis +   a - +1 dagger
rCold   . . .      Faith    .   (no shield)
rNeg    . . .      Spirit   .   b - +0 robe
rPois   .          Reflect  .   (helmet restricted)
rElec   .          Harm     .   (no cloak)
rCorr   .          Rampage  .   (gloves unavailable)
Will    .....                   (boots unavailable)
Stlth   +++.......              (no amulet)
HPRegen 0.04/turn               (no ring)
MPRegen 0.10/turn               (no ring)

@: very quick
A: very small, no large weapons, unfitting armour, see invisible, speed 3
a: no special abilities


You were on level 1 of the Dungeon.
You visited 1 branch of the dungeon, and saw 1 of its levels.

You collected 79 gold pieces.

Inventory:

Hand Weapons
 a - a +1 dagger (weapon)
Armour
 b - a +0 robe (worn)
Scrolls
 e - a scroll of identify {unknown}
 h - a scroll of fear {unknown}
 i - a scroll of immolation {unknown}
Potions
 c - 3 potions of invisibility
 d - 3 potions of attraction {unknown}
 f - a potion of curing {unknown}
 g - a potion of degeneration {unknown}
 j - a potion of haste {unknown}
 k - a potion of cancellation {unknown}


   Skills:
 - Level 1.1 Short Blades
 - Level 3.2 Dodging
 - Level 5.0 Stealth
 - Level 2.8 Spellcasting
 + Level 4.2 Hexes


You had 4 spell levels left.
You knew the following spells:

 Your Spells              Type           Power      Damage    Failure   Level
a - Ensorcelled Hibernat  Hex/Ice        18%        N/A       12%         2

Your spell library contained the following spells:

 Spells                   Type           Power      Damage    Failure   Level
 Confusing Touch          Hex            15%        N/A       10%         3
 Tukima's Dance           Hex            15%        N/A       10%         3
 Summon Small Mammal      Summ           8%         N/A       19%         1
 Dazzling Flash           Conj/Hex       18%        N/A       24%         3
 Summon Guardian Golem    Hex/Summ       9%         N/A       24%         3
 Call Canine Familiar     Summ           2%         N/A       50%         3
 Spider Form              Tmut/Pois      2%         N/A       50%         3
 Anguish                  Hex/Necr       4%         N/A       63%         4


Dungeon Overview and Level Annotations

Branches:
Dungeon (1/15)

Altars:

Shops:
D:1 (:(


Innate Abilities, Weirdness & Mutations

You are very small and have problems with some larger weapons.
You are too small for most types of armour.
You have supernaturally acute eyesight. (SInv)
You cover ground extremely quickly. (Speed+++)


Message History

Found 15 gold pieces.
There is an escape hatch in the floor here.
There is an entrance to Qaut Oketz's Book Shoppe here.
The helpless bat fails to defend itself.
You impale the bat!!
You kill the bat!
A ball python comes into view.
A ball python is nearby!
A ball python is nearby!
A ball python is nearby!
The ball python hisses angrily.
The ball python completely misses you. The ball python barely misses you.
You hit the ball python.
The ball python is severely wounded.
The ball python closely misses you. The ball python grabs you.
The ball python constricts you.
A ball python is nearby!
A ball python is nearby!
You barely miss the ball python.
The ball python is severely wounded.
The ball python bites you but does no damage.
The ball python constricts you.
You hit the ball python.
You kill the ball python!
You now have 69 gold pieces (gained 15).
There is a stone staircase leading down here.
You now have 79 gold pieces (gained 10).
You open the door.
There is an open door here.
You open the door.
There is an open door here.
Key pressed, stopping explore.
No target in view!
There is an open door here.
Found an escape hatch in the floor.
Found Vaatz's Weapon Boutique.
There is an escape hatch in the floor here.
There is an entrance to Vaatz's Weapon Boutique here.
Unknown command.
Are you sure you want to abandon this character and quit the game? (Confirm with "yes".)

# #..#.........
####.#.........#
...............#
####.#.........# #
#..#.........#
##.##^........##
##..#...........#
#..##...........#####
..##........8.>.@!8.#
.###..................#
## #.##################
####..## #.....#
#.....#
#.....###########
##........)......#
##...............#


There were no monsters in sight!

Vanquished Creatures
  2 dart slugs (D:1)
  2 ball pythons (D:1)
  3 bats (D:1)
  2 giant cockroaches (D:1)
  2 goblins (D:1)
  3 hobgoblins (D:1)
  2 kobolds (D:1)
  A quokka (D:1)
  A rat (D:1)
18 creatures vanquished.

Notes
Turn   | Place    | Note
-------+----------+-------------------------------------------
     0 | D:1      | Manisian the Spriggan Enchanter began the quest for the
                  | Orb.
     0 | D:1      | Reached XP level 1. HP: 9/9 MP: 5/5
   497 | D:1      | Reached XP level 2. HP: 12/13 MP: 6/6
   505 | D:1      | Found Ofocwam's Antique Weapon Shoppe.
   538 | D:1      | Learned a level 2 spell: Ensorcelled Hibernation
   736 | D:1      | Reached skill level 5 in Stealth
  1122 | D:1      | Found Qaut Oketz's Book Shoppe.
  1266 | D:1      | Found Vaatz's Weapon Boutique.
  1274 | D:1      | Quit the game

Illustrated notes

Levels and vault maps discovered:
D:1:      dpeg_arrival_central, layout_basic, serial_shops, shop_statue,
          nicolae_shop_statue_plus, shop, nicolae_lakefront_shop,
          minmay_surrounded

Skill      XL: |  1  2 |
---------------+-------+-----
Hexes          | 4 |  4.2
Dodging        | 3 |  3.2
Stealth        | 5 |  5.0
Short Blades   | |  1.1
Spellcasting   | |  2.8

Action                   || total
-------------------------++-------
Melee: Dagger            ||    65
       Punch             ||     2
 Cast: Ensorcelled Hiber ||     6
 Stab: Sleeping          ||     8
Armor: Robe              ||     7
Dodge: Dodged            ||    53

Table legend: (Time is in decaauts)
 A = Elapsed time spent in this place.
 B = Non-inter-level travel time spent in this place.
 C = Inter-level travel time spent in this place.
 D = Time resting spent in this place.
 E = Time spent auto-exploring this place.
 F = Levels seen in this place.
 G = Mean time per level.
                   A        B        C        D        E       F      G
               +--------+--------+--------+--------+--------+-----+--------+
         Total |   1041 |   1041 |      0 |      0 |    876 |   1 | 1041.0 |
       Dungeon |   1041 |   1041 |      0 |      0 |    876 |   1 | 1041.0 |
               +--------+--------+--------+--------+--------+-----+--------+

Top non-repeatable levels by time:
     D:1: 1041 daAuts
